 Dungeon Crawl Stone Soup version 0.20-a0-945-g3bf614a (webtiles) character file.

107 relicbr the Digger (level 4, 0/40 HPs)
             Began as an Octopode Earth Elementalist on Apr 1, 2017.
             Succumbed to an orc's poison
             ... on level 3 of the Dungeon.
             The game lasted 00:08:54 (2167 turns).

relicbr the Digger (Octopode Earth Elementalist)    Turns: 2167, Time: 00:08:56

Health: 0/40       AC: 22    Str:  7    XL:     4   Next: 85%
Magic:  0/7        EV:  2    Int: 18    God:
Gold:   52         SH:  0    Dex: 12    Spells: 6/7 levels left

rFire    + . .     SeeInvis .   j - -1 hunting sling (curse)
rCold    + . .     Gourm    .   (no shield)
rNeg     + + +     Faith    .   (helmet currently unavailable)
rPois    +         Spirit   .   (no amulet)
rElec    +         Reflect  .   (no ring)
rCorr    +         Harm     .   (no ring)
MR       .....     NoTele   +   (no ring)
Stlth    ++........             (no ring)
Regen    0.2/turn               (no ring)
MPRegen  0.1/turn               (no ring)
                                (no ring)
                                (no ring)

@: lethally poisoned (0 -> -1), tree-form, resistant
A: almost no armour, stealthy swim, (amphibious), 8 rings, (constrict 8),
(camouflage 0), (gelatinous body 0)
a: no special abilities


You were on level 3 of the Dungeon.
You were hungry.
You were a tree.
You visited 1 branch of the dungeon, and saw 3 of its levels.

You collected 52 gold pieces.

Inventory:

Hand Weapons
 e - a +0 dagger
 j - a cursed -1 hunting sling (weapon)
Missiles
 b - 30 stones (quivered)
Jewellery
 l - an uncursed ring of fire
Scrolls
 a - a scroll of teleportation
 k - a scroll of amnesia
Books
 d - a book of Geomancy

   Spells                             Type                      Level
   a - Sandblast                      Earth                        1
   b - Passwall                       Transmutation/Earth          2
   c - Stone Arrow                    Conjuration/Earth            3
   d - Petrify                        Transmutation/Earth          4
   e - Lee's Rapid Deconstruction     Earth                        5
Comestibles
 c - 2 bread rations
 f - 4 meat rations
 h - 5 chunks of flesh


   Skills:
 - Level 2.0 Dodging
 - Level 2.6 Stealth
 - Level 2.0 Spellcasting
   Level 1.0 Transmutations
 * Level 5.4 Earth Magic


You had 6 spell levels left.
You knew the following spells:

 Your Spells              Type           Power        Failure   Level  Hunger
a - Sandblast             Erth           ###...       1%          1    #......


Dungeon Overview and Level Annotations

Branches:
Dungeon (3/15)

Altars:


Innate Abilities, Weirdness & Mutations

You cannot wear most types of armour.
You are very stealthy in the water. (Stealth+)
((You are amphibious.))
You can wear up to eight rings at the same time.
((You can use your tentacles to constrict eight enemies at once.))
((Your skin changes colour to match your surroundings (Stealth+).))
((Your rubbery body absorbs attacks. (AC +1, EV +1)))


Message History

The orc is heavily wounded.
The orc barely misses you. The orc hits you but does no damage.
You clumsily bash the orc but do no damage.
The orc is heavily wounded.
You feel sick. The orc hits you with a hand axe.
* * * LOW HITPOINT WARNING * * *
The orc hits you but does no damage.
You barely miss the orc.
The orc is heavily wounded.
The orc hits you but does no damage. The orc hits you with a flail.
* * * LOW HITPOINT WARNING * * *
The orc hits you but does no damage. x2
You clumsily bash the orc but do no damage.
The orc is heavily wounded.
You are feeling hungry.
The orc hits you but does no damage. x2
You cannot move.
It was a potion of resistance.
You feel protected.
You die...

.........#....###.........##.
.#......#......#............
+......#......#.....#......
.#..).(........#............
#........(......#............
#(#...........###............
#..........................
#......###...o.....<.......
#......#.....o♣............
##.##.....................>
#+#<............##........
.#............##........
$..............##........
...............#....#...
...............#(...#...
..............#..... ..
#......


You could see 2 orcs.

Vanquished Creatures
  Jessica (D:2)
  An adder (D:3)
  5 dart slugs
  A leopard gecko (D:1)
  An orc (D:3)
  7 bats
  7 giant cockroaches
  7 goblins
  5 hobgoblins
  2 jackals (D:1)
  2 kobolds (D:2)
  3 quokkas (D:2)
  3 ball pythons
  3 frilled lizards
  7 rats
55 creatures vanquished.

Notes
Turn   | Place    | Note
-------+----------+-------------------------------------------
     0 | D:1      | relicbr the Octopode Earth Elementalist began the quest for the Orb.
     0 | D:1      | Reached XP level 1. HP: 11/11 MP: 3/3
   172 | D:1      | Reached XP level 2. HP: 9/17 MP: 1/5
   569 | D:1      | Reached skill level 4 in Earth Magic
   739 | D:1      | Reached XP level 3. HP: 21/21 MP: 4/6
  1680 | D:2      | Reached XP level 4. HP: 25/27 MP: 4/7
  1871 | D:2      | Noticed Jessica
  1875 | D:2      | Killed Jessica
  1875 | D:2      | Reached skill level 5 in Earth Magic
  2165 | D:3      | HP: 1/40 [orc/flail (2)]
  2167 | D:3      | Succumbed to an orc's poison

Vault maps used:
D:1:      nicolae_arrival_somewhat_less_tricky_arrival, minmay_tripent
D:2:      first_bread, roderic_st_hans_cross, uniq_jessica
D:3:      marbit_many_paths, minmay_misc_feat_chi

Skill      XL: |  1  2  3  4 |
---------------+-------------+-----
Earth Magic    | 4 5 |  5.4
Dodging        | |  2.0
Stealth        | |  2.6
Spellcasting   | |  2.0
Transmutations | |  1.0

Action                   |  1- 3 |  4- 6 || total
-------------------------+-------+-------++-------
Melee: Dagger            |    64 |       ||    64
       Constrict         |    23 |       ||    23
       Tentacles         |     8 |       ||     8
       Hunting sling     |       |     5 ||     5
 Fire: Hunting sling     |    12 |    26 ||    38
Throw: Stone             |     1 |       ||     1
 Cast: Sandblast         |    20 |    25 ||    45
  Use: Scroll            |     1 |     2 ||     3
       Potion            |       |     2 ||     2
 Stab: Sleeping          |    10 |       ||    10
  Eat: Chunk             |     3 |     1 ||     4
Armor: Skin              |     3 |    12 ||    15
Dodge: Dodged            |    38 |     9 ||    47
